 Dungeon Crawl Stone Soup version 0.20.1-1-g8b1a95d (webtiles) character file.

192 Nattfarinn the Skirmisher (level 5, -4/51 HPs)
             Began as a Gargoyle Berserker on Sept 29, 2017.
             Was a Priest of Trog.
             Slain by a bullfrog (6 damage)
             ... in a sewer.
             The game lasted 00:04:45 (2332 turns).

Nattfarinn the Skirmisher (Gargoyle Berserker)      Turns: 2332, Time: 00:04:46

Health: -4/51      AC:  6    Str: 26    XL:     5   Next: 71%
Magic:  5/5        EV: 12    Int:  7    God:    Trog [***...]
Gold:   78         SH:  0    Dex: 10    Spells: 4/4 levels left

rFire    . . .     SeeInvis .   a - +0 mace
rCold    . . .     Gourm    .   (no shield)
rNeg     + . .     Faith    .   b - +0 animal skin
rPois    ∞         Spirit   .   (no helmet)
rElec    +         Reflect  .   (no cloak)
rCorr    .         Harm     .   (no gloves)
MR       .....                  (no boots)
Stlth    ..........             (no amulet)
Regen    0.2/turn               (no ring)
MPRegen  0.1/turn               (no ring)

@: berserking, quick
A: negative energy resistance 1, electricity resistance, unbreathing,
petrification resistance, rot immunity, AC +4
a: Berserk, Trog's Hand, Burn Spellbooks, Renounce Religion


You were in a sewer.
You worshipped Trog.
Trog was most pleased with you.
You were near starving.

You visited 1 branch of the dungeon, and saw 3 of its levels.
You also visited: Sewer.

You collected 78 gold pieces.

Inventory:

Hand Weapons
 a - a +0 mace (weapon)
Armour
 b - a +0 animal skin (worn)
Jewellery
 d - an uncursed ring of see invisible {unknown}
Wands
 l - a wand of confusion (24/48)
Scrolls
 e - a scroll of random uselessness {unknown}
 h - a scroll of identify {unknown}
 i - 2 scrolls of enchant armour {unknown}
 j - 3 scrolls of remove curse {unknown}
 k - a scroll of teleportation {unknown}
Potions
 g - 2 potions of brilliance {unknown}
Comestibles
 c - 4 bread rations
 f - 2 royal jellies


   Skills:
 * Level 4.9 Fighting
 + Level 4.9 Maces & Flails
 * Level 2.8 Armour
 - Level 1.5 Dodging


You had 4 spell levels left.
You didn't know any spells.

Dungeon Overview and Level Annotations

Branches:
Dungeon (3/15)

Altars:
Ashenzari
Dithmenos
Makhleb


Innate Abilities, Weirdness & Mutations

You are resistant to torment.
Your stone body is resilient. (AC +4)
You are immune to poison.
You resist negative energy. (rN+)
You are resistant to electric shocks. (rElec)
You can survive without breathing.
You are immune to petrification.
You are immune to rotting.


Message History

* * * LOW HITPOINT WARNING * * *
The bullfrog hits you.
* * * LOW HITPOINT WARNING * * *
The bullfrog hits you but does no damage.
You are too berserk!
You closely miss the bullfrog. The bullfrog closely misses you.
The bullfrog barely misses you.
You barely miss the bullfrog.
The bullfrog is moderately wounded.
The bullfrog hits you.
* * * LOW HITPOINT WARNING * * *
The bullfrog completely misses you.
You completely miss the bullfrog.
The bullfrog is moderately wounded.
The bullfrog closely misses you. The bullfrog barely misses you.
Your unstable footing causes you to fumble your attack.
The bullfrog misses you. The bullfrog barely misses you.
Your unstable footing causes you to fumble your attack.
The bullfrog hits you.
You die...

#.≈≈≈≈# #.≈≈≈.#
#.≈≈≈≈# ###≈ #.≈≈≈≈#
##≈≈≈≈
#†≈≈≈≈##≈≈≈≈≈≈≈≈≈≈≈≈≈≈
#≈≈≈≈≈#≈≈≈≈∩≈≈≈≈≈≈≈≈≈≈
#≈≈≈≈≈≈≈≈≈≈...≈≈.≈≈≈≈≈
#≈≈≈≈≈F≈≈≈.≈≈.≈.[.≈≈≈≈
#.≈≈≈@F≈≈≈≈≈...$?$.≈≈≈
#.≈≈≈≈≈≈≈≈≈≈.≈≈≈:≈≈≈≈≈
#≈≈≈≈≈≈≈≈≈≈.≈≈≈≈≈≈≈≈≈≈
#.≈≈≈≈≈≈≈≈≈≈.≈≈≈≈≈≈≈≈≈
#≈≈≈≈.≈≈≈≈≈≈≈≈≈≈≈≈≈≈≈≈
#.≈≈≈.≈≈≈≈≈≈≈≈≈≈≈≈≈≈≈≈
#.≈≈≈≈..≈≈≈≈≈≈≈≈≈≈....
#.≈≈≈≈≈≈≈≈≈≈≈≈≈≈≈≈≈≈≈≈
#.†≈≈≈≈≈≈≈≈≈≈≈≈≈≈≈≈≈≈≈


You could see 2 bullfrogs.

Vanquished Creatures
  Natasha (twice) (D:2)
  6 adders
  An ooze (D:2)
  2 worms
  7 leopard geckos
  6 ball pythons
  5 bats
  4 giant cockroaches
  5 goblins
  8 hobgoblins
  4 jackals (D:2)
  A quokka (D:3)
  11 frilled lizards
  6 kobolds
  8 rats
76 creatures vanquished.

Notes
Turn   | Place    | Note
-------+----------+-------------------------------------------
     0 | D:1      | Nattfarinn the Gargoyle Berserker began the quest for the Orb.
     0 | D:1      | Reached XP level 1. HP: 14/14 MP: 1/1
   227 | D:1      | Reached XP level 2. HP: 7/19 MP: 2/2
   624 | D:2      | HP: 1/30 [hobgoblin (3)]
   968 | D:2      | Noticed Natasha
   980 | D:2      | Killed Natasha
   980 | D:2      | Reached XP level 3. HP: 14/24 MP: 3/3
  1053 | D:2      | Noticed Natasha
  1061 | D:2      | Killed Natasha
  1061 | D:2      | Reached XP level 4. HP: 7/30 MP: 4/4
  1801 | D:2      | Reached ** piety under Trog
  1803 | D:2      | Reached XP level 5. HP: 33/34 MP: 5/5
  1840 | D:2      | Found a shadowy altar of Dithmenos.
  1840 | D:2      | Found a shattered altar of Ashenzari.
  1999 | D:3      | Found a burning altar of Makhleb.
  1999 | D:3      | Noticed a green death
  2106 | D:3      | Found a glowing drain.
  2110 | Sewer    | Entered a sewer
  2259 | Sewer    | Reached *** piety under Trog
  2329 | Sewer    | HP: 2/51 [bullfrog (1)]
  2332 | Sewer    | Slain by a bullfrog

Skill      XL: |  1  2  3  4 |
---------------+-------------+-----
Fighting       | 4 |  4.9
Maces & Flails | 4 |  4.9
Armour         | |  2.8
Dodging        | |  1.5

Action                   |  1- 3 |  4- 6 || total
-------------------------+-------+-------++-------
Melee: Mace              |    62 |   199 ||   261
Invok: Berserk           |     2 |     1 ||     3
  Eat: Chunk             |     2 |     4 ||     6
Armor: Animal skin       |    20 |   100 ||   120
Dodge: Dodged            |    42 |   222 ||   264
